 Dungeon Crawl Stone Soup version 0.24-a0-459-g225fefd530 (webtiles) character file.

Game seed: 6880448317645260687

44 Azzok the Chopper (level 3, -2/33 HPs)
             Began as a Deep Dwarf Fighter on June 30, 2019.
             Killed from afar by a white imp (7 damage)
             ... with a puff of frost
             ... summoned by Natasha
             ... on level 2 of the Dungeon.
             The game lasted 00:02:08 (1434 turns).

Azzok the Chopper (Deep Dwarf Fighter)              Turns: 1434, Time: 00:02:09

Health: -2/33      AC:  6    Str: 20    XL:     3   Next: 41%
Magic:  3/3        EV:  7    Int:  8    God:
Gold:   64         SH:  9    Dex: 12    Spells: 2/2 levels left

rFire    . . .     SeeInvis .   a - +0 war axe
rCold    . . .     Gourm    .   c - +0 shield
rNeg     . . .     Faith    .   b - +0 scale mail
rPois    .         Spirit   .   (no helmet)
rElec    .         Reflect  .   (no cloak)
rCorr    .         Harm     .   (no gloves)
MR       .....                  (no boots)
Stlth    ..........             (no amulet)
HPRegen  0.00/turn              (no ring)
MPRegen  0.08/turn              (no ring)

@: non-regenerating, slowed, very slow
A: damage resistance, heal wounds, sense surroundings 1, no regeneration
a: Heal Wounds


You were on level 2 of the Dungeon.
You were not hungry.

You visited 1 branch of the dungeon, and saw 2 of its levels.

You collected 64 gold pieces.

Inventory:

Hand Weapons
 a - a +0 war axe (weapon)
Armour
 b - a +0 scale mail (worn)
 c - a +0 shield (worn)
Scrolls
 e - a scroll of fog {unknown}
 g - a scroll of amnesia {unknown}
 h - a scroll of enchant armour {unknown}
 j - 2 scrolls of teleportation {unknown}
 k - a scroll of immolation {unknown}
 n - a scroll of fear {unknown}
Potions
 d - a potion of might
 i - a potion of invisibility
 l - 4 potions of curing {unknown}
 m - a potion of magic {unknown}
 p - a potion of mutation {unknown}
Comestibles
 f - 3 rations
 o - a chunk of flesh


   Skills:
 - Level 2.6 Fighting
 + Level 4.3 Axes
 - Level 3.2 Armour
 - Level 3.2 Shields


You had 2 spell levels left.
You didn't know any spells.
Your spell library was empty.

Dungeon Overview and Level Annotations

Branches:
Dungeon (2/15)

Altars:

Annotations:
D:2 Natasha


Innate Abilities, Weirdness & Mutations

You are resistant to damage.
You can heal yourself by infusing magical energy.
You passively map a small area around you.
You do not regenerate.


Message History

The shadow imp is lightly wounded.
You slash something! Something claws you. The shadow imp barely misses you.
You hear some strange, mumbled words.
You barely miss the shadow imp. The shadow imp hits you.
You barely miss the shadow imp. The shadow imp completely misses you.
You block the shadow imp's attack.
A goblin comes into view.
The goblin shouts!
You feel yourself slow down. The shadow imp gestures at you.
You barely resist.
The shadow imp disappears in a puff of smoke!
The white imp gestures at you. The puff of frost hits you!
* * * LOW HITPOINT WARNING * * *
The iron imp lashes its tail.
The goblin closely misses you. The white imp gestures at you.
The puff of frost hits you!
You die...

· ▒···▒ ▒·····▒ ·▒ ▒···▒
▒·····▒ ··▒▒ ▒···▒ ▒·····▒
···▒▒▒▒···▒ ▒·····▒
▒········▒▒▒ ▒▒▒÷·▒▒
░▒▒·▒▒▒····5▒▒▒▒▒▒▒▒▒▒▒
▒··▒▒▒▒▒ ▒·▒ ▒······5········▒▒
▒··▒····
▒···▒················▒▒▒▒······
▒▒▒·······5·{g@·······▒▒▒÷··÷··
▒··▒▒▒·················▒▒····
▒······························
▒·▒··▒▒························
▒······▒··················▒····
▒························▒▒····
··▒▒▒▒········(·······▒▒▒···
▒·◦ ·····▒··▒········▒▒····
···▒▒·······▒··


You could see an iron imp, a crimson imp, a white imp and a goblin.

Vanquished Creatures
  An adder (D:2)
  An ooze (D:1)
  A giant cockroach (D:1)
  2 goblins (D:1)
  3 hobgoblins
  2 jackals (D:1)
  A ball python (D:2)
  5 bats
  2 frilled lizards
  8 kobolds
  A leopard gecko skeleton (D:2)
  6 rats
  A bush (D:1)
34 creatures vanquished.

Notes
Turn   | Place    | Note
-------+----------+-------------------------------------------
     0 | D:1      | Azzok the Deep Dwarf Fighter began the quest for the Orb.
     0 | D:1      | Reached XP level 1. HP: 20/20 MP: 1/1
    31 | D:1      | Reached skill level 3 in Axes
    35 | D:1      | Reached XP level 2. HP: 22/27 MP: 2/2
  1213 | D:2      | Reached XP level 3. HP: 21/33 MP: 3/3
  1245 | D:2      | Reached skill level 4 in Axes
  1413 | D:2      | Noticed Natasha
  1434 | D:2      | Killed from afar by a white imp

Levels and vault maps discovered:
D:1:      minmay_arrival_cross, layout_basic, serial_forest,
          infiniplex_forest_corner_1, infiniplex_forest_straight_2,
          infiniplex_forest_straight_2, infiniplex_forest_clump_diagonal,
          infiniplex_forest_straight_1, infiniplex_forest_clump_cross,
          infiniplex_forest_end_1, infiniplex_forest_clump_small
D:2:      layout_rooms, overflow_temple_1_default, kennysheep_generic_room_11,
          uniq_natasha

Skill      XL: |  1  2  3 |
---------------+----------+-----
Axes           | 3 4 |  4.3
Fighting       | |  2.6
Armour         | |  3.2
Shields        | |  3.2

Action                   || total
-------------------------++-------
Melee: War axe           ||   171
  Eat: Chunk             ||     2
Armor: Scale mail        ||    64
Dodge: Dodged            ||    30
Block: Shield            ||    71

Table legend:
 A = Non-vault XP
 B = Vault XP
 C = Vault XP percentage of total XP
 D = Non-vault monster count
 E = Vault monster count
 F = Vault count percentage of total count
                 A         B        C        D         E       F
            +---------+---------+-------+---------+---------+-------
      Total |      64 |       0 |   0.0 |      33 |       0 |   0.0
            +---------+---------+-------+---------+---------+-------
        D:1 |      40 |       0 |   0.0 |      23 |       0 |   0.0
        D:2 |      24 |       0 |   0.0 |      10 |       0 |   0.0
            +---------+---------+-------+---------+---------+-------
